 Dungeon Crawl Stone Soup version 0.19.5 (webtiles) character file.

4553 Peloso the Blocker (level 10, -4/84 HPs)
             Began as a Minotaur Fighter on Apr 9, 2017.
             Was a Priest of Okawaru.
             Slain by an eight-headed hydra (5 damage)
             ... on level 8 of the Dungeon.
             The game lasted 00:19:23 (6949 turns).

Peloso the Blocker (Minotaur Fighter)               Turns: 6949, Time: 00:19:24

Health: -4/84      AC: 17    Str: 23    XL:     10   Next: 17%
Magic:  9/9        EV:  7    Int: 10    God:    Okawaru [***...]
Gold:   301        SH: 13    Dex: 11    Spells: 0 memorised, 9 levels left

rFire  . . .     SeeInvis +     b - +1 whip (flame)
rCold  . . .     Gourm    .     z - +0 plate armour
rNeg   . . .     Faith    .     c - +1 shield
rPois  .         Spirit   .     (helmet restricted)
rElec  .         Reflect  .     (no cloak)
rCorr  .         Harm     .     (no gloves)
MR     .....                    (no boots)
Stlth  ..........               (no amulet)
                                r - ring of see invisible
                                u - +4 ring of protection

@: brilliant
A: retaliatory headbutt, horns 2
a: Heroism, Renounce Religion


You were on level 8 of the Dungeon.
You worshipped Okawaru.
Okawaru was most pleased with you.
You were not hungry.

You visited 2 branches of the dungeon, and saw 9 of its levels.

You collected 301 gold pieces.

Inventory:

Hand Weapons
 a - a +1 long sword
 b - a +1 whip of flaming (weapon)
 g - a cursed -3 mace
 j - a cursed -2 dagger
 o - a cursed +5 long sword
Armour
 c - a +1 shield (worn)
 z - a +0 plate armour (worn)
Jewellery
 r - a ring of see invisible (right hand)
 u - a +4 ring of protection (left hand)
 A - an uncursed ring of ice
Scrolls
 e - 2 scrolls of amnesia
 k - a scroll of recharging
 n - 5 scrolls of identify
 p - a scroll of enchant weapon
 t - a scroll of magic mapping
 y - 2 scrolls of enchant armour
Potions
 q - 2 potions of flight
 v - 2 potions of cancellation
Comestibles
 d - 3 beef jerkies
 f - 6 bread rations
 h - 8 slices of pizza
 i - 3 meat rations
 l - 2 chunks of flesh


   Skills:
 + Level 6.6 Fighting
 + Level 6.5(8.4) Short Blades
 + Level 9.2(10.2) Long Blades
 + Level 7.5 Armour
 + Level 2.5 Dodging
 + Level 1.4 Stealth
 + Level 10.5 Shields


You had 9 spell levels left.
You didn't know any spells.

Dungeon Overview and Level Annotations

Branches:
Dungeon (8/15)             Temple (1/1) D:6
   Lair: D:8-11

Altars:
Ashenzari
Dithmenos
Elyvilon
Gozag
Hepliaklqana
Makhleb
Nemelex Xobeh
Okawaru
Sif Muna
Trog
Yredelemnul
Zin
The Shining One


Innate Abilities, Weirdness & Mutations

You reflexively headbutt those who attack you in melee.
You have a pair of horns on your head.


Message History

You block the eight-headed hydra's attack.
The eight-headed hydra bites you but does no damage.
You block the eight-headed hydra's attack.
The eight-headed hydra bites you but does no damage.
The eight-headed hydra bites you.
* * * LOW HITPOINT WARNING * * *
The eight-headed hydra bites you.
* * * LOW HITPOINT WARNING * * *
A quokka comes into view.
You feel much better. The eight-headed hydra bites you!
* * * LOW HITPOINT WARNING * * *
The eight-headed hydra closely misses you.
The eight-headed hydra bites you but does no damage.
You block the eight-headed hydra's attack. x2
The eight-headed hydra bites you!
* * * LOW HITPOINT WARNING * * *
The eight-headed hydra bites you!
* * * LOW HITPOINT WARNING * * *
The eight-headed hydra bites you.
You die...

........ ........
#
........#########
. ......
#o.......# ....
#...##........#
...# .#
#....o...(.#
...###.#
#.####.#####
...##..# #.# #D#
...##.#####.# #@#
.........##.# #Z#
#........##.# #.#
)........##.# #.#
.##...#####.# #.#
.......)†...# #.#
.......###### #r#
.....#..##### #.#
...)[.......#


You could see an eight-headed hydra, an orc, a bullfrog zombie and a quokka.

Vanquished Creatures
  Pikel (D:7)
  A hippogriff (D:8)
  Sigmund (D:4)
  A yak (D:7)
  3 hogs (D:7)
  A human (D:7)
  Duvessa (D:6)
  An ice beast (D:7)
  A water moccasin (D:8)
  A black bear (D:7)
  3 phantoms
  A slave (D:7)
  An orc warrior (D:8)
  3 ogres
  2 centaurs
  Blork the orc (D:5)
  Dowan (D:6)
  A scorpion (D:8)
  5 killer bees (D:7)
  6 wights
  3 howler monkeys
  5 crimson imps
  4 orc priests
  3 hounds
  2 jellies
  2 bullfrog skeletons
  8 orc wizards
  A worker ant (D:3)
  2 hound zombies
  4 gnolls (D:7)
  9 adders
  2 shadow imps
  5 oozes
  An adder skeleton (D:5)
  A worm (D:3)
  2 dart slugs
  7 leopard geckos
  44 orcs
  2 ball pythons
  5 bats
  5 giant cockroaches
  7 goblins
  11 hobgoblins
  15 jackals
  3 quokkas
  7 frilled lizards
  2 jackal skeletons (D:4)
  5 kobolds
  4 rats
207 creatures vanquished.

Vanquished Creatures (others)
  A slave (D:8)
  A hound (D:8)
  A howler monkey skeleton (D:7)
  A shadow imp (D:7)
4 creatures vanquished.

Grand Total: 211 creatures vanquished

Notes
Turn   | Place    | Note
-------+----------+-------------------------------------------
     0 | D:1      | Peloso the Minotaur Fighter began the quest for the Orb.
     0 | D:1      | Reached XP level 1. HP: 19/19 MP: 0/0
   135 | D:1      | Reached XP level 2. HP: 27/27 MP: 1/1
   268 | D:1      | Reached skill level 4 in Shields
   392 | D:1      | Found a glowing golden altar of the Shining One.
   942 | D:2      | Reached XP level 3. HP: 25/33 MP: 2/2
  1400 | D:2      | Reached XP level 4. HP: 39/40 MP: 3/3
  1753 | D:3      | HP: 3/60 [poisoned by an adder]
  2030 | D:3      | Reached skill level 5 in Shields
  2030 | D:3      | Reached XP level 5. HP: 47/47 MP: 4/4
  2326 | D:3      | Reached XP level 6. HP: 39/53 MP: 5/5
  2577 | D:3      | Reached skill level 1 in Short Blades
  3020 | D:4      | Reached skill level 1 in Stealth
  3037 | D:4      | Reached skill level 1 in Dodging
  3104 | D:4      | Noticed Sigmund
  3124 | D:4      | Killed Sigmund
  3124 | D:4      | Reached skill level 5 in Armour
  3124 | D:4      | Reached skill level 6 in Shields
  3124 | D:4      | Reached XP level 7. HP: 24/60 MP: 6/6
  3417 | D:3      | Reached skill level 5 in Fighting
  3557 | D:4      | Reached skill level 7 in Shields
  4328 | D:5      | Entered Level 5 of the Dungeon
  4415 | D:5      | Found a white marble altar of Elyvilon.
  4633 | D:5      | Reached XP level 8. HP: 68/68 MP: 7/7
  4995 | D:6      | Noticed Blork the orc
  5032 | D:5      | Killed Blork the orc
  5214 | D:6      | Reached skill level 8 in Shields
  5328 | D:6      | Noticed Duvessa
  5328 | D:6      | Noticed Dowan
  5363 | D:6      | Killed Duvessa
  5363 | D:6      | Reached skill level 5 in Short Blades
  5468 | D:6      | Killed Dowan
  5779 | D:6      | Found a staircase to the Ecumenical Temple.
  5799 | Temple   | Entered the Ecumenical Temple
  5818 | Temple   | Became a worshipper of Warmaster Okawaru
  5915 | D:7      | Noticed Pikel
  5935 | D:7      | Killed Pikel
  5935 | D:7      | Reached * piety under Okawaru
  5935 | D:7      | Reached skill level 5 in Long Blades
  5935 | D:7      | Reached skill level 9 in Shields
  5935 | D:7      | Reached XP level 9. HP: 75/75 MP: 8/8
  6283 | D:7      | Reached ** piety under Okawaru
  6283 | D:7      | Reached skill level 10 in Shields
  6764 | D:8      | Reached XP level 10. HP: 67/84 MP: 9/9
  6812 | D:8      | Reached *** piety under Okawaru
  6914 | D:8      | Noticed an eight-headed hydra
  6949 | D:8      | HP: 1/84 [eight-headed hydra (9)]
  6949 | D:8      | Slain by an eight-headed hydra

Skill      XL: |  1  2  3  4  5  6  7  8  9 10 |
---------------+-------------------------------+-----
Shields        | 4 5 6 7 9 10 | 10.5
Fighting       | 4 5 6 |  6.6
Armour         | 4 5 6 7 |  7.5
Long Blades    | 3 4 5 8 9 |  9.2
Short Blades   | 2 3 6 |  6.5
Stealth        | 1 |  1.4
Dodging        | 1 2 |  2.5

Action                   |  1- 3 |  4- 6 |  7- 9 | 10-12 || total
-------------------------+-------+-------+-------+-------++-------
Melee: Long sword        |    97 |    96 |   216 |    67 ||   476
       Headbutt          |    18 |    37 |   137 |    13 ||   205
       Short sword       |       |   105 |   356 |       ||   461
  Use: Potion            |       |     6 |     1 |     3 ||    10
       Scroll            |       |    13 |     2 |       ||    15
 Stab: Invisible         |       |     4 |       |       ||     4
  Eat: Chunk             |     2 |     5 |    10 |     1 ||    18
       Beef jerky        |       |       |     2 |       ||     2
Armor: Scale mail        |    42 |    79 |       |       ||   121
       Skin              |       |    35 |       |       ||    35
       Plate armour      |       |    15 |   246 |    28 ||   289
Dodge: Dodged            |    23 |    54 |    90 |    18 ||   185
Block: Shield            |    60 |   139 |   330 |    45 ||   574
       Rpst.: Long sword |     4 |    11 |    18 |     4 ||    37
